 Dungeon Crawl Stone Soup version 0.25.1-8-g42b30a86e7 (webtiles) character file.

Game seed: 614750147604667522

5922 hawla the Thaumaturge (level 10, -1/69 HPs)
             Began as a Yellow Draconian Conjurer on Dec 20, 2020.
             Was a Follower of Ashenzari.
             Slain by Joseph
             ... wielding a +0 quarterstaff
              (16 damage)
             ... on level 9 of the Dungeon.
             The game lasted 00:38:45 (12088 turns).

hawla the Thaumaturge (Yellow Draconian Conjurer)  Turns: 12088, Time: 00:38:46

Health: -1/69      AC:  7    Str: 10    XL:     10   Next: 53%
Magic:  7/22       EV: 12    Int: 20    God:    Ashenzari [*.....]
Gold:   401        SH:  0    Dex: 17    Spells: 11/26 levels left

rFire    + + .     SeeInvis .   r - staff of fire (curse)
rCold    + . .     Gourm    .   (no shield)
rNeg     . . .     Faith    .   (armour unavailable)
rPois    .         Spirit   .   (helmet restricted)
rElec    .         Reflect  .   m - scarf {rC+ rF+} (curse)
rCorr    +         Harm     .   (no gloves)
MR       .....                  (no boots)
Stlth    ++........             q - amulet of regeneration
HPRegen  0.61/turn              e - +6 ring of dexterity
MPRegen  0.18/turn              (no ring)

@: about to teleport, very slightly contaminated
A: spit acid, unfitting armour, cold-blooded, acid resistance, AC +7
a: Breathe Acid, Curse Item, Scrying, Renounce Religion


You were on level 9 of the Dungeon.
You worshipped Ashenzari.
Ashenzari was aware of your devotion.
You were not hungry.

You visited 2 branches of the dungeon, and saw 10 of its levels.

You collected 401 gold pieces.

Inventory:

Hand Weapons
 u - a +0 lajatang
Armour
 m - a cursed scarf of resistance (worn)
Magical Staves
 r - a cursed staff of fire (weapon)
 t - an uncursed staff of energy
Jewellery
 e - a +6 ring of dexterity (left hand)
 q - an amulet of regeneration (around neck)
Wands
 f - a wand of paralysis (7)
 y - a wand of clouds (3)
Scrolls
 a - a scroll of summoning {unknown}
 c - a scroll of teleportation
 k - 4 scrolls of enchant weapon
 l - 2 scrolls of remove curse
 n - a scroll of blinking
 o - 8 scrolls of identify
 p - a scroll of enchant armour {unknown}
 s - a scroll of random uselessness {unknown}
 v - a scroll of amnesia {unknown}
 w - a scroll of brand weapon {unknown}
Potions
 d - 2 potions of cancellation
 g - 4 potions of brilliance
 h - 3 potions of curing
 i - a potion of flight
 j - a potion of haste
Comestibles
 b - 18 rations


   Skills:
 + Level 5.3 Staves
 - Level 1.7 Dodging
 - Level 1.7 Stealth
 + Level 8.6 Spellcasting
 - Level 7.5 Conjurations
 - Level 6.5 Translocations
 + Level 4.2 Fire Magic
 - Level 2.4 Air Magic
 - Level 2.4 Poison Magic
 + Level 4.3 Evocations


You had 11 spell levels left.
You knew the following spells:

 Your Spells              Type           Power        Failure   Level  Hunger
a - Magic Dart            Conj           ####         1%          1    None
b - Searing Ray           Conj           #####.       1%          2    None
c - Iskenderun's Mystic   Conj/Tloc      #####...     4%          4    ###....
d - Blink                 Tloc           N/A          1%          2    None
e - Mephitic Cloud        Conj/Pois/Air  ####....     4%          3    None
f - Conjure Flame         Conj/Fire      #####...     2%          3    None

Your spell library contained the following spells:

 Spells                   Type           Power        Failure   Level  Hunger
 Dazzling Flash           Conj/Hex       ###...       5%          3    None
 Call Imp                 Summ           #.......     12%         2    None
 Slow                     Hex            #.......     12%         2    None
 Fulminant Prism          Conj/Hex       ###.......   17%         4    ###....


Dungeon Overview and Level Annotations

Branches:
Dungeon (9/15)             Temple (1/1) D:5            Lair (0/6) D:9
    Orc (0/2) D:9

Altars:
Ashenzari
Cheibriados
Dithmenos
Elyvilon
Fedhas
Gozag
Hepliaklqana
Kikubaaqudgha
Makhleb
Nemelex Xobeh
Okawaru
Qazlal
Ru
Sif Muna
Trog
Uskayaw
Vehumet
Wu Jian
Xom
Yredelemnul
Zin
The Shining One

Shops:
D:5 (

Annotations:
D:9 Joseph


Innate Abilities, Weirdness & Mutations

You can spit globs of acid.
Your golden yellow scales are hard. (AC +7)
You cannot fit into any form of body armour.
You are cold-blooded and may be slowed by cold attacks.
You are resistant to acid. (rCorr)


Message History

Joseph hits you with a +0 quarterstaff!
* * * LOW HITPOINT WARNING * * *
As you read the scroll of teleportation, it crumbles to dust.
You feel strangely unstable. Joseph closely misses you.
Casting: Searing Ray (safe; 1% risk of failure)
Confirm with . or Enter, or press ? or * to list all spells.
Aiming: Searing Ray (safe; 1% risk of failure)
Press: ? - help, Shift-Dir - straight line, f/p - Joseph
Aim: Joseph, wielding a +0 quarterstaff, wearing a cursed +0 leather armour and quivering 7 sling bullets (lightly wounded)
The searing ray misses Joseph. (Press . to maintain the ray.) Joseph hits you with a +0 quarterstaff.
* * * LOW HITPOINT WARNING * * *
The searing ray hits Joseph!
Joseph is moderately wounded.
Joseph barely misses you.
The searing ray hits Joseph!
Joseph is moderately wounded.
Joseph hits you with a +0 quarterstaff!
You die...

### ### #.. ..# #.# #.#
#.# #.# #.#
######.#########
###.#####..((...........
###
.......(....##...@...$..
..# ##
###.#####.#.#..(@.......
... .
###.#####.....(.########
#.#.# ................#
##{#)# ###..####...(...#
#....# ###.......(.....#
#.<#
#.............#.....
#..#
#.#.#######.###.####
#)?# #.#....# #.# #.#
#..# #.####.# #.# .#
#..#


You could see Joseph.

Vanquished Creatures
  Harold (D:8)
  Pikel (D:4)
  Psyche (D:8)
  Prince Ribbit (D:5)
  A hippogriff (D:7)
  Sigmund (D:5)
  A basilisk (D:9)
  Grum (D:7)
  3 orc warriors
  An ice beast (D:8)
  3 sky beasts
  2 black bears
  3 wolves
  3 ogres
  4 centaurs
  4 bullfrogs
  4 scorpions
  4 killer bees (D:5)
  5 howler monkeys (D:7)
  A bullfrog zombie (D:7)
  3 crimson imps (D:7)
  A centaur skeleton (D:2)
  2 hounds
  5 orc priests
  Crazy Yiuf (D:4)
  A bullfrog skeleton (D:5)
  11 orc wizards
  6 worker ants
  Natasha (thrice) (D:2)
  2 iguanas
  A hound skeleton (D:6)
  A worker ant zombie (D:9)
  9 adders
  A shadow imp (D:6)
  An ooze (D:1)
  An adder skeleton (D:5)
  3 dart slugs (D:1)
  3 leopard geckos
  29 orcs
  A ball python (D:5)
  4 giant cockroaches
  8 goblins
  3 hobgoblins
  17 jackals
  2 quokkas (D:6)
  3 bats
  2 frilled lizards
  A jackal skeleton (D:4)
  A jackal zombie (D:6)
  6 kobolds
  A quokka skeleton (D:5)
  2 quokka zombies
  7 rats
187 creatures vanquished.

Vanquished Creatures (others)
  An ogre (D:4)
  An adder (D:4)
  An orc (D:4)
3 creatures vanquished.

Grand Total: 190 creatures vanquished

Notes
Turn   | Place    | Note
-------+----------+-------------------------------------------
     0 | D:1      | hawla the Draconian Conjurer began the quest for the Orb.
     0 | D:1      | Reached XP level 1. HP: 14/14 MP: 3/3
   403 | D:1      | Reached XP level 2. HP: 18/20 MP: 0/5
   992 | D:1      | Reached XP level 3. HP: 26/26 MP: 0/6
  1534 | D:2      | Noticed Natasha
  1550 | D:1      | Learned a level 2 spell: Searing Ray
  1555 | D:2      | Killed Natasha
  1555 | D:2      | Reached skill level 5 in Conjurations
  1689 | D:2      | Reached XP level 4. HP: 33/33 MP: 2/8
  2023 | D:2      | Noticed Natasha
  2031 | D:2      | Killed Natasha
  2031 | D:2      | Reached skill level 3 in Spellcasting
  2037 | D:2      | Learned a level 4 spell: Iskenderun's Mystic Blast
  2106 | D:2      | Found a shimmering altar of Xom.
  2123 | D:2      | Found a basalt altar of Yredelemnul.
  2132 | D:2      | Learned a level 2 spell: Blink
  2132 | D:2      | Found a shadowy altar of Dithmenos.
  2146 | D:2      | Noticed Natasha
  2160 | D:2      | Killed Natasha
  2160 | D:2      | Reached skill level 1 in Translocations
  2160 | D:2      | Reached XP level 5. HP: 28/38 MP: 1/9
  3104 | D:3      | Reached XP level 6. HP: 34/45 MP: 0/10
  3551 | D:3      | Found a snail-covered altar of Cheibriados.
  3651 | D:3      | Found an opulent altar of Gozag.
  3651 | D:3      | Found a sparkling altar of Nemelex Xobeh.
  3958 | D:4      | Found a white marble altar of Elyvilon.
  4163 | D:4      | Noticed a slave
  4170 | D:4      | Noticed a slave
  4176 | D:4      | Noticed Pikel
  4178 | D:4      | Noticed a slave
  4182 | D:4      | Noticed a slave
  4192 | D:4      | Killed Pikel
  4192 | D:4      | Your scales start taking on a golden yellow colour.
  4192 | D:4      | Reached XP level 7. HP: 29/50 MP: 1/11
  4192 | D:4      | Gained mutation: You are resistant to acid. (rCorr) [Yellow
                  | Draconian growth]
  4401 | D:4      | Learned a level 3 spell: Mephitic Cloud
  4592 | D:4      | Reached skill level 1 in Air Magic
  4592 | D:4      | Reached skill level 1 in Poison Magic
  4592 | D:4      | Reached XP level 8. HP: 57/57 MP: 5/12
  5093 | D:4      | Found a runed translucent door.
  5094 | D:4      | Noticed Crazy Yiuf
  5224 | D:4      | Killed Crazy Yiuf
  5332 | D:5      | Entered Level 5 of the Dungeon
  5416 | D:5      | Found Zuisk's Antique Weapon Boutique.
  5440 | D:5      | Noticed Prince Ribbit
  5445 | D:5      | Killed Prince Ribbit
  5497 | D:5      | Noticed Sigmund
  5595 | D:5      | Killed Sigmund
  5595 | D:5      | Reached skill level 4 in Spellcasting
  5600 | D:5      | Learned a level 3 spell: Conjure Flame
  5961 | D:5      | Reached skill level 5 in Spellcasting
  6111 | D:5      | Found a staircase to the Ecumenical Temple.
  6237 | D:5      | Reached skill level 6 in Spellcasting
  6242 | Temple   | Entered the Ecumenical Temple
  6725 | Temple   | Became a worshipper of Ashenzari the Shackled
  7011 | D:6      | Reached XP level 9. HP: 62/62 MP: 13/18
  7183 | D:6      | Reached skill level 7 in Spellcasting
  7549 | D:6      | Reached skill level 1 in Staves
  7549 | D:6      | Reached skill level 1 in Fire Magic
  8276 | D:7      | Reached * piety under Ashenzari
  8317 | D:7      | Reached skill level 1 in Evocations
  9225 | D:8      | Noticed Grum
  9226 | D:8      | Noticed Psyche
  9233 | D:8      | Noticed Harold
  9335 | D:7      | Killed Grum
  9338 | D:7      | Reached skill level 8 in Spellcasting
  9436 | D:8      | Killed Psyche
  9436 | D:8      | Reached XP level 10. HP: 43/69 MP: 5/22
 10664 | D:8      | Killed Harold
 10664 | D:8      | Reached skill level 5 in Staves
 11559 | D:9      | Found a staircase to the Lair.
 11559 | D:9      | Noticed an elephant
 11703 | D:9      | Found a stormy altar of Qazlal.
 11759 | D:9      | Found a staircase to the Orcish Mines.
 12054 | D:9      | Noticed Joseph
 12088 | D:9      | Slain by Joseph

Illustrated notes

Levels and vault maps discovered:
D:1:      giann_bridges, layout_basic
D:2:      layout_rooms, gammafunk_temple_overflow_forgotten, first_ration,
          minmay_cupped, uniq_natasha
D:3:      layout_loops_ring, grunt_temple_overflow_opulence, cheibriados_altar_1
D:4:      layout_basic, lemuel_round_altar, hangedman_abyss_or_decor_stabs,
          uniq_pikel, uniq_crazy_yiuf_cottage
D:5:      layout_basic, minmay_temple_entry_gardened_gates, serial_shops,
          nicolae_shop_statue_plus, uniq_sigmund, uniq_prince_ribbit1
D:6:      layout_cave_pools
D:7:      layout_rooms, minmay_diced_spiral
D:8:      layout_loops_ring, uniq_harold, uniq_grum, uniq_psyche
D:9:      layout_loops_ring, grunt_qazlal_sundering, david_lair_generic,
          orc_0_dummy, basic_altar, uniq_joseph
Temple:   eino_temple_water

Skill      XL: |  1  2  3  4  5  6  7  8  9 10 |
---------------+-------------------------------+-----
Conjurations   | 5 6 7 |  7.5
Spellcasting   | 3 6 8 |  8.6
Translocations | 1 3 6 |  6.5
Air Magic      | 1 2 |  2.4
Poison Magic   | 1 2 |  2.4
Staves         | 4 5 |  5.3
Fire Magic     | 2 4 |  4.2
Evocations     | 2 4 |  4.3
Dodging        | |  1.7
Stealth        | |  1.7

Action                   |  1- 3 |  4- 6 |  7- 9 | 10-12 || total
-------------------------+-------+-------+-------+-------++-------
Melee: Unarmed           |    37 |    13 |       |       ||    50
       Tailslap          |     3 |       |     3 |     3 ||     9
       Quarterstaff      |       |       |     1 |       ||     1
       Staff             |       |       |    17 |    16 ||    33
 Cast: Magic Dart        |    58 |    45 |    95 |    26 ||   224
       Searing Ray       |     2 |    24 |    60 |    31 ||   117
       Blink             |       |     2 |     1 |     4 ||     7
       Iskenderun's Myst |       |     2 |    25 |    29 ||    56
       Mephitic Cloud    |       |       |     1 |    11 ||    12
       Conjure Flame     |       |       |     1 |     8 ||     9
Invok: Curse Item        |       |       |     1 |       ||     1
  Use: Scroll            |     2 |     6 |     2 |     3 ||    13
       Potion            |       |     3 |     3 |     6 ||    12
 Stab: Confused          |       |       |       |     1 ||     1
  Eat: Chunk             |     3 |     9 |    20 |    10 ||    42
Armor: Skin              |    10 |    25 |    46 |    13 ||    94
Dodge: Dodged            |    30 |    22 |    65 |    34 ||   151
